 Dungeon Sprint DCSS version 0.25-a0-860-gf695395 (webtiles) character file.

Game seed: 4650290952038047507, levelgen mode: deterministic

13388 smeego the Black Belt (level 11, -2/107 HPs)
             Began as a Green Draconian Transmuter on Apr 28, 2020.
             Was the Champion of Jiyva.
             Succumbed to a ghost moth's poison
             ... in the Dungeon (Sprint IX: "|||||||||||||||||||||||||||||").
             The game lasted 00:09:50 (2967 turns).

smeego the Black Belt (Green Draconian Transmuter)  Turns: 2967, Time: 00:09:50

Health: -2/107     AC:  9    Str:  6 (8)  XL:     11   Next: 74%
Magic:  1/26       EV: 20    Int: 17 (19) God:    Jiyva [******]
Gold:   1341       SH:  0    Dex: 15 (17) Spells: 24/33 levels left

rFire    + . .     SeeInvis .     - Unarmed
rCold    . . .     Gourm    .   (shield currently unavailable)
rNeg     . . .     Faith    .   (armour unavailable)
rPois    +         Spirit   .   u - +0 hat {Int+3}
rElec    .         Reflect  .   t - +0 cloak
rCorr    +         Harm     .   (gloves currently unavailable)
MR       +....     NoTele   +   l - +0 pair of boots
Stlth    ++........             (no amulet)
HPRegen  0.27/turn              y - ring of protection from magic
MPRegen  0.20/turn              w - ring of protection from fire

@: lethally poisoned (-2 -> -68), blade hands, flying, very slightly
contaminated
A: breathe noxious fumes, unfitting armour, poison resistance, acidic bite,
translucent skin 1, tendrils, no potion heal 1, cold-blooded, AC +7
a: Breathe Noxious Fumes, End Transformation, Request Jelly, Slimify, Cure Bad
Mutation, Renounce Religion


You were in the Dungeon.
You worshipped Jiyva.
Jiyva was exalted by your worship.
You were completely stuffed.
You had blades for hands.
You visited 1 branch You collected 1921 gold pieces.
You spent 580 gold pieces at shops.

Inventory:

Missiles
 a - 12 arrows
Armour
 l - a +0 pair of boots (worn)
 s - a +0 pair of boots
 t - a +0 cloak (worn)
 u - a +0 hat of intelligence (worn)
Jewellery
 m - a +3 ring of intelligence
 n - a +3 ring of dexterity
 w - a ring of protection from fire (right scythe-like blade)
 x - an uncursed ring of protection from fire
 y - a ring of protection from magic (left scythe-like blade)
Wands
 k - a wand of iceblast (4)
 z - a wand of disintegration (13)
Scrolls
 h - 4 scrolls of remove curse
 j - 2 scrolls of amnesia
 o - 2 scrolls of identify
 p - 2 scrolls of enchant weapon
 q - 2 scrolls of enchant armour
Potions
 b - a potion of invisibility
 d - 8 potions of curing
 e - 3 potions of heal wounds
 f - 4 potions of haste
 g - 3 potions of magic
 v - a potion of might
Comestibles
 c - 11 rations


   Skills:
 + Level 13.2 Fighting
 + Level 11.3 Dodging
 * Level 16.7 Unarmed Combat
 + Level 11.5 Spellcasting
 + Level 12.3 Transmutations


You had 24 spell levels left.
You knew the following spells:

 Your Spells              Type           Power        Failure   Level  Hunger
a - Beastly Appendage     Tmut           ######       5%          1    None
b - Spider Form           Tmut/Pois      ####......   19%         3    None
c - Blade Hands           Tmut           ######....   17%         5    #####..

Your spell library contained the following spells:

 Spells                   Type           Power        Failure   Level  Hunger
 Sticks to Snakes         Tmut           ######..     6%          2    None
 Ice Form                 Ice/Tmut       ####....     34%         4    ##.....


Dungeon Overview and Level Annotations

Branches:
Dungeon (1/1)

Altars:
Cheibriados
Dithmenos
Elyvilon
Fedhas
Gozag
Hepliaklqana
Kikubaaqudgha
Makhleb
Nemelex Xobeh
Okawaru
Qazlal
Ru
Sif Muna
Trog
Uskayaw
Vehumet
Wu Jian
Xom
Yredelemnul
Zin
The Shining One
Beogh
Jiyva
Lugonu

Shops:
D !:!!


Innate Abilities, Weirdness & Mutations

You can breathe blasts of noxious fumes.
Your lurid green scales are hard. (AC +7)
You cannot fit into any form of body armour.
Your system is resistant to poisons. (rPois)
You are cold-blooded and may be slowed by cold attacks.
You have acidic saliva.
Your translucent skin slightly reduces your foes' accuracy. (Stealth)
You are covered in slimy tendrils that may disarm your opponents.
Potions are less effective at restoring your health.


Message History

Something stings you.
* * * LOW HITPOINT WARNING * * *
Unknown command.
Casting: Blade Hands (mildly dangerous; 1% risk of failure)
Confirm with . or Enter, or press ? or * to list all spells.
Your hands turn into razor-sharp scythe blades.
Something hits you.
* * * LOW HITPOINT WARNING * * *
Something hits you.
* * * LOW HITPOINT WARNING * * *
You feel clumsy. Something stings you!
* * * LOW HITPOINT WARNING * * *
You are lethally poisoned!
Something poisons you!
You feel you are being watched by something.
You feel your power leaking away.
Something hits you but does no damage. x2; Something closely misses you.
You slash something!
You die...

▓.▓.▓.▓.▓.▓.▓.▓.▓.▓
▓)▓.▓.▓.▓.▓.▓.▓.▓.▓
▓.▓.▓.▓.▓.▓.▓'▓.▓.▓
▓.▓.▓.▓.▓.▓.▓.▓.▓.▓
▓.▓.▓.▓.▓.▓.▓.▓.▓.▓
▓.▓.▓.▓.▓.▓.▓.▓.▓s▓
▓)▓.▓.▓.▓.▓.▓.▓.▓s▓
▓)▓.▓.▓.▓.▓.▓.▓.▓.▓
▓.▓.▓.▓.▓.▓.▓.▓@▓{▓
▓.▓.▓.▓.▓.▓.▓.▓{▓.▓
▓.▓.▓.▓.▓.▓.▓.▓s▓.▓
▓<▓...▓...▓...▓s..▓
▓▓▓▓▓▓▓▓▓▓▓▓▓▓▓▓▓▓▓


You could see a tarantella and a redback.

Vanquished Creatures
  Gastronok (D)
  Erolcha (D)
  A hydra (D)
  A centaur warrior (D)
  5 orc high priests (D)
  An orc sorcerer (D)
  A wolf spider (D)
  A manticore (D)
  A spiny frog (D)
  Psyche (D)
  A komodo dragon (D)
  2 demonic crawlers (D)
  A shadow (D)
  A tarantella (D)
  A wraith (D)
  Eustachio (D)
  2 wargs (D)
  A hell hound (D)
  A soldier ant (D)
  4 water moccasins (D)
  10 orc warriors (D)
  A porcupine (D)
  A sky beast (D)
  5 wolves (D)
  An ogre (D)
  A bullfrog (D)
  11 orc priests (D)
  2 orc wizards (D)
  An adder (D)
  A shadow imp (D)
  10 orcs (D)
  A bat skeleton (D)
  2 goblins (D)
  A hobgoblin (D)
  A ball python zombie (D)
  2 kobolds (D)
  2 leopard gecko skeletons (D)
82 creatures vanquished.

Vanquished Creatures (collateral kills)
  A tengu warrior (D)
  2 orc warriors (D)
  An ice beast (D)
  An adder (D)
  A bat skeleton (D)
6 creatures vanquished.

Vanquished Creatures (others)
  A fire giant (D)
  2 fire dragons (D)
  4 great orbs of eyes (D)
  An ogre mage (D)
  A spatial maelstrom (D)
  A black mamba (D)
  A rime drake (shapeshifter) (D)
  A rime drake (D)
  A tengu conjurer (D)
  A slime creature (D)
  A basilisk (D)
  A golden eye (shapeshifter) (D)
  A water moccasin (D)
  A porcupine (D)
  An eye of draining (shapeshifter) (D)
  A wolf (D)
  3 bullfrogs (D)
  13 jellies (D)
  An iguana (D)
  An adder skeleton (D)
38 creatures vanquished.

Grand Total: 126 creatures vanquished

Notes
Turn   | Place    | Note
-------+----------+-------------------------------------------
     0 | D        | smeego the Draconian Transmuter began the quest for the
                  | Orb.
     0 | D        | Reached XP level 1. HP: 16/16 MP: 3/3
    18 | D        | Banished a spatial maelstrom
   425 | D        | Noticed an ogre
   431 | D        | Killed an ogre
   431 | D        | Reached skill level 5 in Unarmed Combat
   431 | D        | Reached XP level 2. HP: 27/27 MP: 2/6
   431 | D        | Reached XP level 3. HP: 33/33 MP: 2/8
   431 | D        | Reached XP level 4. HP: 40/40 MP: 2/9
   436 | D        | Reached skill level 6 in Unarmed Combat
   443 | D        | Found a roughly hewn altar of Beogh.
   443 | D        | Found a snail-covered altar of Cheibriados.
   443 | D        | Found a shadowy altar of Dithmenos.
   443 | D        | Found a white marble altar of Elyvilon.
   443 | D        | Found a blossoming altar of Fedhas.
   443 | D        | Found an opulent altar of Gozag.
   444 | D        | Found a hazy altar of Hepliaklqana.
   445 | D        | Found a viscous altar of Jiyva.
   446 | D        | Found an ancient bone altar of Kikubaaqudgha.
   449 | D        | Found a corrupted altar of Lugonu.
   450 | D        | Found a burning altar of Makhleb.
   451 | D        | Found a sparkling altar of Nemelex Xobeh.
   452 | D        | Found an iron altar of Okawaru.
   453 | D        | Found a stormy altar of Qazlal.
   454 | D        | Found a sacrificial altar of Ru.
   455 | D        | Became a worshipper of Jiyva Jingisch the Shapeless
   455 | D        | Killed a tengu conjurer
   456 | D        | Found a shimmering blue altar of Sif Muna.
   456 | D        | Killed a great orb of eyes
   456 | D        | Killed a slime creature
   457 | D        | Found a bloodstained altar of Trog.
   457 | D        | Killed a great orb of eyes
   458 | D        | Found a hide-covered altar of Uskayaw.
   459 | D        | Found a radiant altar of Vehumet.
   460 | D        | Found an ornate altar of the Wu Jian Council.
   460 | D        | Killed a great orb of eyes
   461 | D        | Found a shimmering altar of Xom.
   462 | D        | Found a basalt altar of Yredelemnul.
   463 | D        | Found a glowing silver altar of Zin.
   464 | D        | Found a glowing golden altar of the Shining One.
   467 | D        | Killed a great orb of eyes
   484 | D        | Reached * piety under Jiyva
   484 | D        | Reached ** piety under Jiyva
   503 | D        | Reached *** piety under Jiyva
   505 | D        | Gained mutation: You have a small jelly attached to you
                  | that senses nearby items. [Jiyva's grace]
   505 | D        | Reached **** piety under Jiyva
   505 | D        | Reached ***** piety under Jiyva
   505 | D        | Gained mutation: Armour fits poorly on your pseudopods.
                  | [Jiyva's grace]
   505 | D        | Gained mutation: You are covered in fur. (AC +1) [Jiyva's
                  | grace]
   505 | D        | Gained mutation: Your body has grown golden eyes which may
                  | confuse attackers. (Acc +3) [Jiyva's grace]
   505 | D        | Reached ****** piety under Jiyva
   506 | D        | Gained mutation: Your magical capacity is low. (-10% MP)
                  | [Jiyva's grace]
   510 | D        | Gained mutation: Your tail ends in a poisonous barb.
                  | [Jiyva's grace]
   511 | D        | Learned a level 3 spell: Spider Form
   512 | D        | Noticed an ice beast
   512 | D        | Noticed an orc warrior
   512 | D        | Noticed a gnoll sergeant
   521 | D        | Slimified a gnoll sergeant
   521 | D        | Noticed a slime creature
   521 | D        | a gnoll sergeant changed into a slime creature
   523 | D        | Gained mutation: You have a small jelly attached to you
                  | that may absorb incoming projectiles. [Jiyva's grace]
   529 | D        | Killed an orc warrior
   529 | D        | Reached XP level 5. HP: 14/47 MP: 7/10
   530 | D        | Killed an ice beast
   530 | D        | Reached skill level 7 in Unarmed Combat
   532 | D        | Reached skill level 5 in Fighting
   535 | D        | Lost mutation: Armour fits poorly on your pseudopods.
                  | [Jiyva's grace]
   535 | D        | Lost mutation: You are covered in fur. (AC +1) [Jiyva's
                  | grace]
   710 | D        | Noticed a hog
   710 | D        | Noticed a tengu warrior
   710 | D        | Noticed an orc warrior
   710 | D        | Noticed a soldier ant
   711 | D        | Reached skill level 5 in Transmutations
   719 | D        | Learned a level 5 spell: Blade Hands
   721 | D        | Killed an eye of draining
   806 | D        | Killed a golden eye
   849 | D        | Killed a soldier ant
   849 | D        | Reached skill level 8 in Unarmed Combat
   849 | D        | Reached skill level 5 in Spellcasting
   849 | D        | Reached XP level 6. HP: 57/57 MP: 5/12
   855 | D        | HP: 1/57 [tengu warrior/+1 war axe (2)]
   859 | D        | Killed a tengu warrior
   859 | D        | Reached skill level 10 in Unarmed Combat
   859 | D        | Your scales start taking on a lurid green colour.
   859 | D        | Reached XP level 7. HP: 2/66 MP: 6/15
   859 | D        | Gained mutation: Your system is resistant to poisons.
                  | (rPois) [Green Draconian growth]
   865 | D        | Gained mutation: You are resistant to hostile enchantments.
                  | (MR+) [Jiyva's grace]
   865 | D        | Gained mutation: You are somewhat resistant to further
                  | mutation. [Jiyva's grace]
   865 | D        | Gained mutation: You have supernaturally acute eyesight.
                  | (SInv) [Jiyva's grace]
   870 | D        | Gained mutation: You are clumsy. (Dex -2) [Jiyva's grace]
  1235 | D        | Noticed a spiny frog
  1235 | D        | Noticed a komodo dragon
  1316 | D        | Reached XP level 8. HP: 74/74 MP: 10/16
  1321 | D        | Killed a komodo dragon
  1321 | D        | Reached skill level 11 in Unarmed Combat
  1327 | D        | Killed a spiny frog
  1339 | D        | Noticed a six-headed hydra
  1344 | D        | Slimified a six-headed hydra
  1344 | D        | Noticed an acid blob
  1344 | D        | a six-headed hydra changed into an acid blob
  1352 | D        | Gained mutation: Your body has grown many golden eyes which
                  | may confuse attackers. (Acc +5) [Jiyva's grace]
  1352 | D        | Lost mutation: You have a small jelly attached to you that
                  | senses nearby items. [Jiyva's grace]
  1352 | D        | Lost mutation: You are somewhat resistant to further
                  | mutation. [Jiyva's grace]
  1353 | D        | Gained mutation: Your rubbery body absorbs attacks. (AC +1,
                  | EV +1) [Jiyva's grace]
  1460 | D        | Noticed a rime drake
  1460 | D        | Noticed a black mamba
  1460 | D        | Noticed an eight-headed hydra
  1468 | D        | Killed a nine-headed hydra
  1468 | D        | Reached skill level 12 in Unarmed Combat
  1468 | D        | Reached XP level 9. HP: 8/85 MP: 14/19
  1503 | D        | Killed a black mamba
  1504 | D        | Lost mutation: You are resistant to hostile enchantments.
                  | (MR+) [Jiyva's grace]
  1507 | D        | Killed a rime drake
  1514 | D        | Lost mutation: Your tail ends in a poisonous barb. [Jiyva's
                  | grace]
  1542 | D        | Gained mutation: Your pliable body absorbs attacks. (AC +2,
                  | EV +2) [Jiyva's grace]
  1735 | D        | Reached skill level 10 in Fighting
  1744 | D        | Reached skill level 13 in Unarmed Combat
  1834 | D        | Noticed Psyche
  1839 | D        | Killed Psyche
  1864 | D        | Gained mutation: Armour fits poorly on your pseudopods.
                  | [Jiyva's grace]
  1868 | D        | Gained mutation: You have a pair of small horns on your
                  | head. [Jiyva's grace]
  1870 | D        | Gained mutation: You have large cloven feet. [Jiyva's
                  | grace]
  1870 | D        | Gained mutation: Your muscles are strong. (Str +2) [Jiyva's
                  | grace]
  1879 | D        | Noticed Eustachio
  1888 | D        | Killed Eustachio
  1890 | D        | Gained mutation: Your translucent skin slightly reduces
                  | your foes' accuracy. (Stealth) [Jiyva's grace]
  1894 | D        | Lost mutation: Your pliable body absorbs attacks. (AC +2,
                  | EV +2) [Jiyva's grace]
  1928 | D        | Reached XP level 10. HP: 60/94 MP: 15/20
  1946 | D        | Reached skill level 10 in Transmutations
  2071 | D        | Noticed an orc sorcerer
  2077 | D        | Killed an orc sorcerer
  2077 | D        | Reached skill level 14 in Unarmed Combat
  2166 | D        | Found Rusoeroa's Distillery.
  2166 | D        | Noticed an orc high priest
  2168 | D        | Noticed a rust devil
  2170 | D        | Found Lysk's Distillery.
  2171 | D        | Noticed an orc high priest
  2172 | D        | Noticed an orc high priest
  2175 | D        | Noticed a soul eater
  2176 | D        | Found Daliu's Book Boutique.
  2179 | D        | Killed an orc high priest
  2179 | D        | Reached skill level 10 in Spellcasting
  2179 | D        | Gained mutation: Your body is covered in golden eyes which
                  | may confuse attackers. (Acc +7, SInv) [Jiyva's grace]
  2183 | D        | Killed an orc high priest
  2186 | D        | Killed an orc high priest
  2186 | D        | Reached skill level 10 in Dodging
  2186 | D        | Reached skill level 15 in Unarmed Combat
  2187 | D        | Found Qabbish's Distillery.
  2191 | D        | Noticed an orc high priest
  2195 | D        | Noticed an orc high priest
  2196 | D        | Noticed a sun demon
  2196 | D        | Noticed an orange demon
  2198 | D        | Noticed an orange demon
  2198 | D        | Noticed an orange demon
  2199 | D        | Killed an orc high priest
  2199 | D        | Reached XP level 11. HP: 37/104 MP: 21/22
  2219 | D        | Killed an orc high priest
  2224 | D        | Bought a potion of mutation for 96 gold pieces
  2224 | D        | Bought a potion of mutation for 96 gold pieces
  2224 | D        | Bought a potion of curing for 36 gold pieces
  2224 | D        | Bought a potion of heal wounds for 60 gold pieces
  2224 | D        | Bought a potion of curing for 36 gold pieces
  2224 | D        | Bought a potion of might for 48 gold pieces
  2234 | D        | Bought a potion of mutation for 104 gold pieces
  2234 | D        | Bought a potion of mutation for 104 gold pieces
  2234 | D        | Lost mutation: You have large cloven feet. [potion of
                  | mutation]
  2234 | D        | Lost mutation: You are clumsy. (Dex -2) [potion of
                  | mutation]
  2234 | D        | Gained mutation: You passively map a small area around you.
                  | [potion of mutation]
  2234 | D        | Gained mutation: You are agile. (Dex +2) [potion of
                  | mutation]
  2235 | D        | Lost mutation: Your muscles are strong. (Str +2) [potion of
                  | mutation]
  2235 | D        | Lost mutation: Your body is covered in golden eyes which
                  | may confuse attackers. (Acc +7, SInv) [potion of mutation]
  2235 | D        | Lost mutation: You have a small jelly attached to you that
                  | may absorb incoming projectiles. [potion of mutation]
  2235 | D        | Gained mutation: You are somewhat resistant to further
                  | mutation. [potion of mutation]
  2236 | D        | Lost mutation: Your magical capacity is low. (-10% MP)
                  | [potion of mutation]
  2236 | D        | Lost mutation: Your translucent skin slightly reduces your
                  | foes' accuracy. (Stealth) [potion of mutation]
  2236 | D        | Lost mutation: You are somewhat resistant to further
                  | mutation. [potion of mutation]
  2236 | D        | Gained mutation: You are robust. (+10% HP) [potion of
                  | mutation]
  2237 | D        | Lost mutation: Armour fits poorly on your pseudopods.
                  | [potion of mutation]
  2237 | D        | Lost mutation: Your rubbery body absorbs attacks. (AC +1,
                  | EV +1) [potion of mutation]
  2237 | D        | Lost mutation: You passively map a small area around you.
                  | [potion of mutation]
  2237 | D        | Lost mutation: You are robust. (+10% HP) [potion of
                  | mutation]
  2237 | D        | Gained mutation: You have an increased reservoir of magic.
                  | (+10% MP) [potion of mutation]
  2237 | D        | Gained mutation: You are robust. (+10% HP) [potion of
                  | mutation]
  2476 | D        | Lost mutation: You are robust. (+10% HP) [Jiyva's grace]
  2477 | D        | Gained mutation: You are resistant to electric shocks.
                  | (rElec) [Jiyva's grace]
  2478 | D        | Lost mutation: Your body has grown many golden eyes which
                  | may confuse attackers. (Acc +5) [Jiyva's grace]
  2480 | D        | Gained mutation: You have acidic saliva. [Jiyva's grace]
  2481 | D        | Lost mutation: You have an increased reservoir of magic.
                  | (+10% MP) [Jiyva's grace]
  2481 | D        | Lost mutation: You are agile. (Dex +2) [Jiyva's grace]
  2482 | D        | Gained mutation: You have a small jelly attached to you
                  | that senses nearby items. [Jiyva's grace]
  2486 | D        | Lost mutation: You are resistant to electric shocks.
                  | (rElec) [Jiyva's grace]
  2488 | D        | Gained mutation: Your translucent skin slightly reduces
                  | your foes' accuracy. (Stealth) [Jiyva's grace]
  2489 | D        | Lost mutation: Your body has grown golden eyes which may
                  | confuse attackers. (Acc +3) [Jiyva's grace]
  2490 | D        | Gained mutation: Your muscles are strong. (Str +2) [Jiyva's
                  | grace]
  2491 | D        | Gained mutation: Your translucent skin reduces your foes'
                  | accuracy. (Stealth) [Jiyva's grace]
  2491 | D        | Lost mutation: Your muscles are strong. (Str +2) [Jiyva's
                  | grace]
  2492 | D        | Gained mutation: Your rubbery body absorbs attacks. (AC +1,
                  | EV +1) [Jiyva's grace]
  2492 | D        | Lost mutation: You have supernaturally acute eyesight.
                  | (SInv) [Jiyva's grace]
  2494 | D        | Lost mutation: Your rubbery body absorbs attacks. (AC +1,
                  | EV +1) [Jiyva's grace]
  2495 | D        | Lost mutation: Your translucent skin reduces your foes'
                  | accuracy. (Stealth) [Jiyva's grace]
  2495 | D        | Gained mutation: You have a beak for a mouth. [Jiyva's
                  | grace]
  2497 | D        | Gained mutation: You are agile. (Dex +2) [Jiyva's grace]
  2499 | D        | Gained mutation: You have sharp fingernails. [Jiyva's
                  | grace]
  2500 | D        | Lost mutation: You have a pair of small horns on your head.
                  | [Jiyva's grace]
  2502 | D        | Gained mutation: You are covered in slimy tendrils that may
                  | disarm your opponents. [Jiyva's grace]
  2503 | D        | Gained mutation: You evolve. [Jiyva's grace]
  2504 | D        | Lost mutation: You are agile. (Dex +2) [Jiyva's grace]
  2507 | D        | Gained mutation: Your body has grown golden eyes which may
                  | confuse attackers. (Acc +3) [Jiyva's grace]
  2508 | D        | Gained mutation: Your body sometimes deteriorates upon
                  | taking damage. [Jiyva's grace]
  2509 | D        | Gained mutation: Your flesh is cold resistant. (rC+)
                  | [Jiyva's grace]
  2512 | D        | Lost mutation: Your translucent skin slightly reduces your
                  | foes' accuracy. (Stealth) [Jiyva's grace]
  2514 | D        | Lost mutation: You have acidic saliva. [Jiyva's grace]
  2515 | D        | Gained mutation: You are agile. (Dex +2) [Jiyva's grace]
  2517 | D        | Gained mutation: You have large cloven feet. [Jiyva's
                  | grace]
  2517 | D        | Lost mutation: You evolve. [Jiyva's grace]
  2518 | D        | Gained mutation: Your translucent skin slightly reduces
                  | your foes' accuracy. (Stealth) [Jiyva's grace]
  2521 | D        | Lost mutation: Your body has grown golden eyes which may
                  | confuse attackers. (Acc +3) [Jiyva's grace]
  2526 | D        | Gained mutation: You evolve. [Jiyva's grace]
  2526 | D        | Gained mutation: You are covered in fur. (AC +1) [Jiyva's
                  | grace]
  2526 | D        | Lost mutation: You have a beak for a mouth. [Jiyva's grace]
  2528 | D        | Gained mutation: You expend magic power (3 MP) to
                  | strengthen your wands. [Jiyva's grace]
  2528 | D        | Gained mutation: Your tail ends in a poisonous barb.
                  | [Jiyva's grace]
  2542 | D        | Noticed Gastronok
  2553 | D        | Killed Gastronok
  2640 | D        | Noticed a centaur warrior
  2644 | D        | Reached skill level 16 in Unarmed Combat
  2649 | D        | Noticed a fire dragon
  2653 | D        | Noticed an ettin
  2653 | D        | Noticed a fire dragon
  2656 | D        | Killed a centaur warrior
  2657 | D        | Noticed a fire giant
  2659 | D        | Lost mutation: Your flesh is cold resistant. (rC+) [Jiyva's
                  | grace]
  2659 | D        | Lost mutation: Your body sometimes deteriorates upon taking
                  | damage. [Jiyva's grace]
  2661 | D        | Slimified a fire dragon
  2661 | D        | Noticed an azure jelly
  2661 | D        | a fire dragon changed into an azure jelly
  2664 | D        | Noticed a fire dragon
  2665 | D        | HP: 3/106 [ettin (32)]
  2665 | D        | Gained mutation: You have very sharp fingernails. [Jiyva's
                  | grace]
  2666 | D        | Slimified an ettin
  2666 | D        | Noticed an azure jelly
  2666 | D        | an ettin changed into an azure jelly
  2667 | D        | Gained mutation: Your tail ends in a sharp poisonous barb.
                  | [Jiyva's grace]
  2668 | D        | Killed a fire dragon
  2668 | D        | Lost mutation: You have large cloven feet. [Jiyva's grace]
  2669 | D        | Killed a fire giant
  2670 | D        | Killed a fire dragon
  2671 | D        | Lost mutation: You are agile. (Dex +2) [Jiyva's grace]
  2671 | D        | Lost mutation: Your tail ends in a sharp poisonous barb.
                  | [Jiyva's grace]
  2671 | D        | Lost mutation: You have very sharp fingernails. [Jiyva's
                  | grace]
  2671 | D        | Gained mutation: You rapidly evolve. [Jiyva's grace]
  2671 | D        | Lost mutation: You are covered in slimy tendrils that may
                  | disarm your opponents. [Jiyva's grace]
  2673 | D        | Lost mutation: You expend magic power (3 MP) to strengthen
                  | your wands. [Jiyva's grace]
  2684 | D        | Noticed an ogre mage
  2694 | D        | Killed an ogre mage
  2698 | D        | Gained mutation: Scrolls take you a little longer to read.
                  | [Jiyva's grace]
  2698 | D        | Gained mutation: You have a small jelly attached to you
                  | that may absorb incoming projectiles. [Jiyva's grace]
  2810 | D        | Lost mutation: You have sharp fingernails. [Jiyva's grace]
  2812 | D        | Gained mutation: You are covered in slimy tendrils that may
                  | disarm your opponents. [Jiyva's grace]
  2814 | D        | Lost mutation: Scrolls take you a little longer to read.
                  | [Jiyva's grace]
  2815 | D        | Lost mutation: Your tail ends in a poisonous barb. [Jiyva's
                  | grace]
  2816 | D        | Gained mutation: You have acidic saliva. [Jiyva's grace]
  2817 | D        | Lost mutation: You are covered in fur. (AC +1) [Jiyva's
                  | grace]
  2828 | D        | Lost mutation: You have a small jelly attached to you that
                  | may absorb incoming projectiles. [Jiyva's grace]
  2831 | D        | Lost mutation: You have a small jelly attached to you that
                  | senses nearby items. [Jiyva's grace]
  2831 | D        | Lost mutation: You rapidly evolve. [Jiyva's grace]
  2832 | D        | Lost mutation: You evolve. [Jiyva's grace]
  2835 | D        | Gained mutation: Your large and strong wings let you fly
                  | indefinitely. [Jiyva's grace]
  2836 | D        | Gained mutation: Your muscles are strong. (Str +2) [Jiyva's
                  | grace]
  2846 | D        | Lost mutation: Your muscles are strong. (Str +2) [Jiyva's
                  | grace]
  2850 | D        | Gained mutation: Potions are less effective at restoring
                  | your health. [Jiyva's grace]
  2853 | D        | Lost mutation: Your large and strong wings let you fly
                  | indefinitely. [Jiyva's grace]
  2869 | D        | Noticed Erolcha
  2880 | D        | Killed Erolcha
  2927 | D        | Noticed a wolf spider
  2930 | D        | Killed a wolf spider
  2964 | D        | HP: 5/107 [something (13)]
  2966 | D        | HP: 2/107 [something (8)]
  2967 | D        | Succumbed to a ghost moth's poison

Levels and vault maps discovered:
D:        linesprint [early_d, line_temple, items_1, d_10, items_2, lair_1,
          lair_end, items_3, orc_1, orc_end, items_4, d_15, swamp_1, shoals_1,
          snake_1, spider_1, d_20, vaults_1, items_5, swamp_end, shoals_end,
          snake_end, spider_end, vaults_end, d_27, items_6, zot_1, zot_end,
          crypt_end, forest_end, elf_end, slime_end, tomb_end, abyss_end,
          pan_hell_end]

Skill      XL: |  1  2  3  4  5  6  7  8  9 10 11 |
---------------+----------------------------------+-----
Dodging        | 3 4 6 8 9 10 11 | 11.3
Fighting       | 3 4 5 7 8 9 10 12 13 | 13.2
Unarmed Combat | 5 6 8 10 12 13 15 16 | 16.7
Spellcasting   | 3 4 5 6 7 8 9 10 11 | 11.5
Transmutations | 3 4 5 6 7 9 11 12 | 12.3

Action                   |  1- 3 |  4- 6 |  7- 9 | 10-12 || total
-------------------------+-------+-------+-------+-------++-------
Melee: Unarmed           |    25 |    20 |    45 |   128 ||   218
       Tailslap          |     1 |       |     1 |    18 ||    20
       Pseudopods        |       |     1 |     2 |     9 ||    12
       Punch             |       |     1 |       |     3 ||     4
       Headbutt          |       |       |     2 |    11 ||    13
       Bite              |       |       |       |     5 ||     5
 Cast: Beastly Appendage |     2 |     1 |       |       ||     3
       Blade Hands       |       |     1 |     6 |     9 ||    16
Invok: Slimify           |       |     1 |     1 |     2 ||     4
       Request Jelly     |       |     1 |       |       ||     1
 Abil: Breathe Noxious F |       |       |     1 |       ||     1
Evoke: Wand              |       |       |     4 |     2 ||     6
  Use: Potion            |     1 |       |       |    12 ||    13
       Scroll            |       |       |     2 |     1 ||     3
 Stab: Confused          |       |       |     3 |     1 ||     4
  Eat: Ration            |       |       |     1 |       ||     1
       Chunk             |       |       |       |     2 ||     2
Armor: Skin              |       |     5 |     6 |    21 ||    32
Dodge: Dodged            |    10 |    12 |    17 |    77 ||   116

Table legend:
 A = Non-vault XP
 B = Vault XP
 C = Vault XP percentage of total XP
 D = Non-vault monster count
 E = Vault monster count
 F = Vault count percentage of total count
                 A         B        C        D         E       F
            +---------+---------+-------+---------+---------+-------
      Total |       0 |   19127 | 100.0 |       0 |      89 | 100.0
            +---------+---------+-------+---------+---------+-------
          D |       0 |   19127 | 100.0 |       0 |      89 | 100.0
            +---------+---------+-------+---------+---------+-------
